Map: Dreamcatcher LE

Players

Starlord - Winner!

  • Race: Zerg Zerg
  • League: Grandmaster
  • Spawn Location: 11:00

ViBE

  • Race: Zerg Zerg
  • League: Grandmaster
  • Spawn Location: 5:00

VOD

Have the link to the VOD?

Description

Time

  • Played on: June 18, 2018, 9 p.m.
  • Length: 4:22
Show
View Real Time Build Order
Export as new Build Order

Starlord Zerg - Winner!

Build Orders: Pool Only 

Get SALT Encoding   

  12  0:18  Spawning Pool  
  11  0:21  Drone  
  11  0:26  Drone  
  13  0:31  Drone  
  14  0:40  Overlord  
  14  1:04  Zergling x2  
  14  1:05  Zergling x4  
  17  1:15  Zergling x2  
  18  1:28  Zergling x2  
  19  1:37  Zergling x2  
  20  1:45  Spine Crawler  
  19  1:48  Zergling x2  
  21  2:01  Spine Crawler  
  21  2:02  Spine Crawler  
  21  2:07  Spine Crawler  
  9  2:59  Zergling x4  
  11  3:05  Zergling x2  
  11  3:29  Spine Crawler  
Show
View Real Time Build Order
Export as new Build Order

ViBE Zerg 

Build Orders: Hatch First 

Get SALT Encoding   

  12  0:01  Drone  
  13  0:13  Overlord  
  13  0:17  Drone  
  14  0:31  Drone x2  
  16  0:38  Drone  
  17  0:53  Hatchery  
  17  0:56  Drone  
  17  1:01  Drone  
  18  1:13  Spawning Pool  
  18  1:15  Extractor  
  18  1:17  Drone  
  17  1:21  Drone  
  18  1:28  Drone  
  19  1:40  Overlord  
  18  2:02  Zergling x4  
  20  2:15  Zergling x2  
  20  2:16  Zergling x4  
  22  2:30  Zergling x4  
  24  2:37  Zergling x4  
  25  2:45  Zergling x2  
  24  2:56  Zergling x4  
Tags
 
Add a new tag
Caveats
  • Supply blocks, unpowered buildings, or Contaminate may cause inaccurate times.
  • Supply counts are checked every 10 seconds.